 Dungeon Sprint DCSS version 0.31-a0-675-g238779eb0a (webtiles) character file.

Game seed: 5984010538337796526

690 sircluck the Grappler (level 7, -9/121 HPs)
             Began as a Troll Berserker on Sept 5, 2023.
             Was a Priest of Trog.
             Mangled by a sixfirhy (10 damage)
             ... summoned by a kobold demonologist
             ... in the Dungeon (Sprint I: "Red Sonja").
             The game lasted 00:00:49 (212 turns).

sircluck the Grappler (Troll Berserker)              Turns: 212, Time: 00:00:50

Health: -9/121     AC:  4    Str: 28    XL:     7   Next: 36%
Magic:  6/6        EV: 12    Int:  3    God:    Trog [***...]
Gold:   416        SH:  0    Dex:  9    Spells: 6/6 levels left

rFire   . .          .
                       - Unarmed
rCold   . . .        (no shield)
rNeg    . . .        a - +0 animal skin
rPois   .            (helmet restricted)
rElec   .            (no cloak)
rCorr   .            (gloves unavailable)
SInv    .            (boots unavailable)
Will    .....        (no amulet) Stlth
                     (no ring)
HPRegen 1.20/turn    (no ring)
MPRegen 0.10/turn

%: no teleportation
@: berserking (expiring), lethally poisoned (-9 -> -12), weakened, very quick
A: large, unfitting armour, claws 3, regeneration 1, shaggy fur 1, tough skin 1
a: Renounce Religion, Berserk, Trog's Hand


You were in the Dungeon.
You worshipped Trog.
Trog was most pleased with you.
You visited 1 branch You collected 416 gold pieces.

Inventory:

Armour
 a - a +0 animal skin (worn)
Wands
 h - a wand of paralysis (4)
Scrolls
 g - a scroll of blinking
 i - a scroll of identify {unknown}
Potions
 b - a potion of curing
 c - a potion of heal wounds
 d - a potion of haste
 e - 2 potions of magic
 f - a potion of berserk rage


   Skills:
 + Level 8.3 Fighting
 + Level 8.2 Dodging
 + Level 9.8 Unarmed Combat


You had 6 spell levels left.
You didn't know any spells.
Your spell library was empty.

Dungeon Overview and Level Annotations

Branches:
Dungeon (1/1)

Altars:
Cheibriados
Dithmenos
Elyvilon
Fedhas
Gozag
Hepliaklqana
Kikubaaqudgha
Makhleb
Nemelex Xobeh
Okawaru
Qazlal
Ru
Sif Muna
Trog
Uskayaw
Vehumet
Wu Jian
Xom
Yredelemnul
Zin
The Shining One
Jiyva
Lugonu

Shops:
D :


Innate Abilities, Weirdness & Mutations

You are too large for most types of armour.
You have claws for hands.
Your natural rate of healing is unusually fast.
You are covered in fur. (AC +1)
You have tough skin. (AC +1)


Message History

The orange demon hits you but does no damage.
You claw the floating eye!
You kill the floating eye!
Trog accepts your kill.
You feel very sick.
Your Dodging skill increases to level 8!
You feel very sick.
The kobold demonologist completely misses you.
The chaos spawn barely misses you. The orange demon closely misses you.
The orange demon barely misses you.
You closely miss the kobold demonologist.
You feel very sick.
The kobold demonologist hits you but does no damage.
The kobold demonologist mumbles some strange words.
The chaos spawn hits you!
You are engulfed in flames.
The orange demon stings you! The orange demon barely misses you.
You claw the kobold demonologist!
The kobold demonologist is moderately wounded.
You feel very sick.
You closely miss the kobold demonologist.
The kobold demonologist is moderately wounded.
You feel sick.
The quasit barely misses you. x2; The quasit claws you.
The kobold demonologist casts a spell.
The chaos spawn hits you!
* * * LOW HITPOINT WARNING * * *
The chaos spawn draws strength from your injuries!
You barely miss the kobold demonologist.
Your claw misses the kobold demonologist.
The kobold demonologist is moderately wounded.
You feel sick. The sixfirhy barely misses you. The sixfirhy hits you.
* * * LOW HITPOINT WARNING * * *
The sixfirhy shocks you!
* * * LOW HITPOINT WARNING * * *
The quasit misses you. The quasit barely misses you. x2
You barely miss the kobold demonologist.
The kobold demonologist is moderately wounded.
You feel sick. The sixfirhy hits you.
* * * LOW HITPOINT WARNING * * *
The sixfirhy shocks you!
You die...

####################
').#..'..#__#..5@K4#
#..').#..'..'..#345#
##'#####'#__####K45+
#..#...#.#### #####
####..##:#
___##'#_.+
∩..†'..._#
.__##_.#'#
___###+#.#


You could see an orange demon (summoned), a rust devil (summoned), 2 kobold
demonologists, a sixfirhy (summoned), a chaos spawn (summoned), a quasit
(summoned), a white imp (summoned) and an ufetubus (summoned).

Vanquished Creatures
  A slime creature (D)
  Sigmund (D)
  A yak (D)
  A floating eye (D)
  An ogre (D)
  A jelly (D)
  Ijyb (D)
7 creatures vanquished.

Notes
Turn   | Place    | Note
-------+----------+-------------------------------------------
     0 | D        | sircluck the Troll Berserker began the quest for the Orb.
     0 | D        | Reached XP level 1. HP: 22/22 MP: 0/0
     1 | D        | Noticed Ijyb
     6 | D        | Killed Ijyb
     7 | D        | Reached skill level 4 in Unarmed Combat
     7 | D        | Reached XP level 2. HP: 27/32 MP: 1/1
    13 | D        | Noticed an ogre
    20 | D        | Killed an ogre
    21 | D        | Reached skill level 5 in Fighting
    21 | D        | Reached skill level 6 in Unarmed Combat
    21 | D        | Reached XP level 3. HP: 42/42 MP: 2/2
    21 | D        | Reached XP level 4. HP: 50/50 MP: 3/3
    31 | D        | Noticed Sigmund
    41 | D        | Killed Sigmund
    41 | D        | Reached ** piety under Trog
    42 | D        | Reached skill level 7 in Unarmed Combat
    42 | D        | Reached XP level 5. HP: 54/61 MP: 4/4
    56 | D        | Found an ornate altar of the Wu Jian Council.
    56 | D        | Found a shimmering blue altar of Sif Muna.
    58 | D        | Found a radiant altar of Vehumet.
    62 | D        | Reached XP level 6. HP: 48/68 MP: 5/5
    67 | D        | Found Ododuun's Book Emporium.
    67 | D        | Found an ancient bone altar of Kikubaaqudgha.
    67 | D        | Found a hazy altar of Hepliaklqana.
    67 | D        | Found a stormy altar of Qazlal.
    67 | D        | Found a hide-covered altar of Uskayaw.
    67 | D        | Found a blossoming altar of Fedhas.
    67 | D        | Found a bloodstained altar of Trog.
    67 | D        | Found an iron altar of Okawaru.
    67 | D        | Found a basalt altar of Yredelemnul.
    67 | D        | Found a glowing golden altar of the Shining One.
    67 | D        | Found a snail-covered altar of Cheibriados.
    67 | D        | Found a sacrificial altar of Ru.
    67 | D        | Found a glowing silver altar of Zin.
    67 | D        | Found a shadowy altar of Dithmenos.
    67 | D        | Found a white marble altar of Elyvilon.
    67 | D        | Noticed a yak
    68 | D        | Found an opulent altar of Gozag.
    75 | D        | Killed a yak
    76 | D        | Reached skill level 8 in Unarmed Combat
    76 | D        | Found a sparkling altar of Nemelex Xobeh.
   150 | D        | Found a burning altar of Makhleb.
   150 | D        | Found a viscous altar of Jiyva.
   150 | D        | Found a shimmering altar of Xom.
   150 | D        | Found a corrupted altar of Lugonu.
   150 | D        | Noticed a slime creature
   154 | D        | Killed a slime creature
   154 | D        | Reached *** piety under Trog
   155 | D        | Reached skill level 9 in Unarmed Combat
   155 | D        | Reached XP level 7. HP: 80/80 MP: 6/6
   199 | D        | Noticed a kobold demonologist
   200 | D        | Noticed a kobold demonologist
   200 | D        | Paralysed by a floating eye for 3 turns
   201 | D        | Noticed an orange demon
   203 | D        | Noticed a chaos spawn
   204 | D        | Noticed a rust devil
   206 | D        | Noticed a sixfirhy
   212 | D        | HP: 1/121 [sixfirhy[a kobold demonologist] (6)]
   212 | D        | Mangled by a sixfirhy

Illustrated notes

Levels and vault maps discovered:
D:        dungeon_sprint_1 [red_sonja_temple_1, red_sonja_temple_small_1]

Skill      XL: |  1  2  3  4  5  6  7 |
---------------+----------------------+-----
Fighting       | 3 5 6 8 |  8.3
Dodging        | 3 4 6 7 8 |  8.2
Unarmed Combat | 4 6 7 9 |  9.8

Action                     |  1- 3 |  4- 6 |  7- 9 || total
---------------------------+-------+-------+-------++-------
  Melee: Unarmed           |     9 |    20 |     8 ||    37
 Invoke: Berserk           |       |     1 |     1 ||     2
  Evoke: Wand              |     1 |     1 |       ||     2
   Stab: Paralysed         |     5 |       |       ||     5
 Armour: Animal skin       |     2 |     8 |    14 ||    24
  Dodge: Dodged            |       |     7 |    12 ||    19

Table legend: (Time is in decaauts)
 A = Elapsed time spent in this place.
 B = Non-inter-level travel time spent in this place.
 C = Inter-level travel time spent in this place.
 D = Time resting spent in this place.
 E = Time spent auto-exploring this place.
 F = Levels seen in this place.
 G = Mean time per level.
                   A        B        C        D        E       F      G
               +--------+--------+--------+--------+--------+-----+--------+
         Total |    213 |    206 |      7 |      0 |     78 |   1 |  213.0 |
       Dungeon |    213 |    206 |      7 |      0 |     78 |   1 |  213.0 |
               +--------+--------+--------+--------+--------+-----+--------+

Top non-repeatable levels by time:
       D: 213 daAuts
